 Dungeon Crawl Stone Soup version 0.23.2-1-ga50397a (webtiles) character file.

Game seed: 3563150054540827228

670 whitewolfNL the Basher (level 7, -4/64 HPs)
             Began as a Minotaur Berserker on May 26, 2019.
             Was an Elder of Trog.
             Killed by divine providence
             ... invoked by an orc priest
              (12 damage)
             ... on level 5 of the Dungeon.
             The game lasted 00:12:42 (4354 turns).

whitewolfNL the Basher (Minotaur Berserker)         Turns: 4354, Time: 00:12:43

Health: -4/64      AC:  9    Str: 21    XL:     7   Next: 32%
Magic:  6/6        EV: 10    Int:  4    God:    Trog [****..]
Gold:   303        SH:  0    Dex: 12    Spells: 6/6 levels left

rFire    . . .     SeeInvis .   v - +0 mace (venom)
rCold    . . .     Gourm    .   (no shield)
rNeg     . . .     Faith    .   f - +0 scale mail
rPois    .         Spirit   .   (helmet restricted)
rElec    .         Reflect  .   (no cloak)
rCorr    .         Harm     .   o - +0 pair of gloves
MR       .....                  y - +1 pair of boots
Stlth    ..........             (no amulet)
HPRegen  0.20/turn              (no ring)
MPRegen  0.10/turn              (no ring)

@: berserk cooldown
A: retaliatory headbutt, horns 2
a: Berserk, Trog's Hand, Brothers in Arms, Renounce Religion


You were on level 5 of the Dungeon.
You worshipped Trog.
Trog was greatly pleased with you.
You were not hungry.

You visited 2 branches of the dungeon, and saw 6 of its levels.

You collected 303 gold pieces.

Inventory:

Hand Weapons
 j - a +0 hunting sling
 v - a +0 mace of venom (weapon)
Missiles
 b - 18 sling bullets
 d - 103 arrows
 g - 115 stones (quivered)
 n - 35 bolts
Armour
 f - a +0 scale mail (worn)
 o - a +0 pair of gloves (worn)
 y - a +1 pair of boots (worn)
Wands
 r - a wand of random effects (19)
Scrolls
 e - a scroll of magic mapping {unknown}
 h - 4 scrolls of remove curse
 i - a scroll of amnesia {unknown}
 k - a scroll of enchant weapon {unknown}
 m - 3 scrolls of identify {unknown}
 s - 2 scrolls of noise {unknown}
Potions
 l - a potion of flight {unknown}
 q - 2 potions of agility
 t - a potion of mutation {unknown}
 w - a potion of magic {unknown}
 x - a potion of might {unknown}
Comestibles
 a - 2 chunks of flesh
 c - 7 rations


   Skills:
 + Level 6.6 Fighting
 * Level 8.7 Maces & Flails
 - Level 2.4 Armour
 - Level 2.1 Dodging


You had 6 spell levels left.
You didn't know any spells.
Your spell library was empty.

Dungeon Overview and Level Annotations

Branches:
Dungeon (5/15)             Temple (1/1) D:4

Altars:
Ashenzari
Cheibriados
Dithmenos
Elyvilon
Gozag
Hepliaklqana
Kikubaaqudgha
Makhleb
Nemelex Xobeh
Ru
Sif Muna
Trog
Uskayaw
Wu Jian
Xom
The Shining One

Shops:
D:4 (


Innate Abilities, Weirdness & Mutations

You reflexively headbutt those who attack you in melee.
You have a pair of horns on your head.


Message History

The hound skeleton bites you but does no damage.
The hound skeleton bites you but does no damage.
The hound skeleton barely misses you.
Found a blackened citrine amulet.
The orc wizard gestures wildly while chanting.
The orc wizard flickers and vanishes!
Deactivating autopickup; reactivate with Ctrl-A.
The hound skeleton misses you.
Found a ration and 7 gold pieces.
The hound skeleton closely misses you.
You feel yourself speed up.
The hound skeleton bites you but does no damage.
The hound skeleton bites you.
* * * LOW HITPOINT WARNING * * *
There is a stone staircase leading down here.
The hound skeleton bites you.
* * * LOW HITPOINT WARNING * * *
The orc priest mumbles some strange prayers to Beogh against you.
Beogh smites you!
You die...

######........##...#
#...#...#....#%....#
#.......#....".....#
#!..........# ......
#.......#...# ......
#....o###.o###......
##....#.#.......#
#.....).##.÷Z.###
#....##......@####
#.... #.....<....#
...... #...........#
..........#.........#
........####.##.....#
.$...... .........#
... ..........# ...
...........# ./.
..#.........#


You could see an orc priest and a hound skeleton.

Vanquished Creatures
  An ice beast (D:5)
  A necrophage (D:4)
  An ogre (D:4)
  2 hounds
  Ijyb (D:3)
  Terence (D:2)
  An iguana (D:4)
  An orc wizard (D:3)
  Natasha (D:2)
  A worker ant (D:4)
  A hound skeleton (D:3)
  4 adders
  A gnoll (D:1)
  A river rat (D:3)
  A shadow imp (D:4)
  2 oozes
  2 worms (D:3)
  2 dart slugs
  2 leopard geckos
  17 orcs
  2 ball pythons (D:3)
  3 giant cockroaches
  5 hobgoblins
  3 jackals (D:1)
  3 quokkas
  7 bats
  8 frilled lizards
  10 goblins
  5 kobolds
  10 rats
  A bush (D:1)
  2 plants (D:1)
103 creatures vanquished.

Notes
Turn   | Place    | Note
-------+----------+-------------------------------------------
     0 | D:1      | whitewolfNL the Minotaur Berserker began the quest for the
                  | Orb.
     0 | D:1      | Reached XP level 1. HP: 19/19 MP: 0/0
   488 | D:1      | Reached skill level 4 in Maces & Flails
   507 | D:1      | Reached XP level 2. HP: 26/27 MP: 1/1
   870 | D:1      | Reached XP level 3. HP: 31/33 MP: 2/2
  1161 | D:1      | Reached ** piety under Trog
  1652 | D:2      | Noticed Terence
  1663 | D:2      | Killed Terence
  1663 | D:2      | Reached skill level 5 in Maces & Flails
  1731 | D:2      | Reached XP level 4. HP: 39/41 MP: 3/3
  2029 | D:2      | Noticed Natasha
  2036 | D:2      | Killed Natasha
  2267 | D:3      | Noticed Ijyb
  2281 | D:3      | Killed Ijyb
  2281 | D:3      | Reached skill level 5 in Fighting
  2281 | D:3      | Reached skill level 6 in Maces & Flails
  2281 | D:3      | Reached XP level 5. HP: 45/48 MP: 4/4
  2561 | D:3      | Reached *** piety under Trog
  3069 | D:3      | Reached skill level 7 in Maces & Flails
  3085 | D:3      | Reached XP level 6. HP: 55/56 MP: 5/5
  3619 | D:4      | Reached skill level 8 in Maces & Flails
  3619 | D:4      | Reached XP level 7. HP: 25/63 MP: 6/6
  3977 | D:4      | Found Malut's Weapon Shoppe.
  4066 | D:4      | Found a staircase to the Ecumenical Temple.
  4077 | Temple   | Entered the Ecumenical Temple
  4308 | D:5      | Entered Level 5 of the Dungeon
  4335 | D:5      | Reached **** piety under Trog
  4354 | D:5      | Killed from afar by an orc priest

Skill      XL: |  1  2  3  4  5  6 |
---------------+-------------------+-----
Maces & Flails | 4 5 6 7 8 |  8.7
Fighting       | 4 5 6 |  6.6
Armour         | |  2.4
Dodging        | |  2.1

Action                   |  1- 3 |  4- 6 |  7- 9 || total
-------------------------+-------+-------+-------++-------
Melee: Mace              |   149 |   141 |    23 ||   313
       Headbutt          |    43 |    29 |     4 ||    76
       Flail             |       |    26 |     1 ||    27
Invok: Berserk           |     1 |     3 |     1 ||     5
  Use: Scroll            |       |       |     1 ||     1
  Eat: Chunk             |     3 |    10 |     3 ||    16
Armor: Animal skin       |    10 |       |       ||    10
       Scale mail        |       |    78 |     8 ||    86
Dodge: Dodged            |    51 |    98 |    24 ||   173
